 Dungeon Sprint DCSS version 0.17-a0-2122-g03d97ec (webtiles) character file.

65562 Kidiri the Imperceptible (level 13, -26/55 HPs)
             Began as a Spriggan Enchanter on Oct 21, 2015.
             Was the Champion of Dithmenos.
             Killed from afar by a blizzard demon (45 damage)
             ... with a bolt of cold
             ... summoned by a deep elf demonologist
             ... in the Dungeon (Sprint III: "The Ten Rune Challenge").
             The game lasted 00:28:42 (5259 turns).

Kidiri the Imperceptible (Spriggan Enchanter)       Turns: 5259, Time: 00:28:43

Health: -26/55     AC:  1    Str:  4    XL:     13   Next: 59%
Magic:  35/35      EV: 35    Int: 19    God:    Dithmenos [******]
Gold:   700        SH:  8    Dex: 19    Spells: 11 memorised, 4 levels left

rFire  . . .     SeeInvis +     y - +0 short sword (holy)
rCold  . . .     Clarity  .     (armour restricted)
rNeg   . . .     SustAt   .     E - +2 buckler
rPois  .         Gourm    .     (helmet restricted)
rElec  .         Spirit   .     b - +0 cloak
rCorr  .         Warding  .     (gloves unavailable)
rMut   .         NoTele   +     (boots unavailable)
MR     ++...                    (no amulet)
Stlth  ++++++++++               (no ring)
                                w - ring of flight

@: very slightly contaminated, wreathed by umbra, very quick, very resistant to
hostile enchantments, uncannily stealthy
A: unfitting armour, see invisible, herbivore 3, speed 3, slow metabolism 2
a: Shadow Step, Shadow Form, Renounce Religion, Evoke Flight
}: 2/10 runes: serpentine, barnacled


You were in the Dungeon.
You worshipped Dithmenos.
Dithmenos was exalted by your worship.
You were not hungry.

You visited 1 branch You collected 1525 gold pieces.
You spent 825 gold pieces at shops.

Inventory:

Hand Weapons
 a - a +1 dagger
 p - a +0 broad axe of electrocution
 y - a +0 short sword of holy wrath (weapon)
Missiles
 e - 10 throwing nets (quivered)
Armour
 b - a +0 cloak (worn)
 k - a +1 robe of resistance
 v - a +2 robe of resistance
 E - a +2 buckler (worn)
Jewellery
 w - a ring of flight (left hand)
Wands
 c - a wand of frost (15)
Scrolls
 m - a scroll of torment {unknown}
 n - a scroll of identify {unknown}
 o - 4 scrolls of remove curse
 x - a scroll of amnesia {unknown}
Potions
 f - 3 potions of heal wounds
 g - a potion of haste
 h - a potion of magic
 i - 2 potions of berserk rage
 r - a potion of curing
 s - 2 potions of might
 t - a potion of invisibility {unknown}
Books
 u - a book of Burglary

   Spells                             Type                      Level
   a - Swiftness                      Charms/Air                   2
   b - Passwall                       Transmutation/Earth          3
   c - Passage of Golubria            Translocation                4
   d - Lee's Rapid Deconstruction     Earth                        5
   e - Darkness                       Hexes                        6
   f - Invisibility                   Hexes                        6
Comestibles
 d - a bread ration
 l - 27 royal jellies
 q - 6 fruits


   Skills:
 * Level 16.0 Short Blades
 * Level 19.9 Dodging
 * Level 21.6 Stealth
 + Level 0.3 Shields
 * Level 17.3 Spellcasting
 + Level 8.2 Conjurations
 + Level 13.0 Hexes
 + Level 13.2 Charms
 + Level 0.8 Translocations
 + Level 1.0 Transmutations
 + Level 9.1 Ice Magic
 + Level 8.9 Air Magic
 + Level 0.3 Earth Magic
 - Level 2.4 Invocations


You had 4 spell levels left.
You knew the following spells:

 Your Spells              Type           Power        Failure   Level  Hunger
a - Corona                Hex            ######.      1%          1    None
b - Ensorcelled Hibernat  Hex/Ice        ######       1%          2    None
c - Confuse               Hex            ######..     1%          3    None
d - Tukima's Dance        Hex            ######..     1%          3    None
e - Dazzling Spray        Conj/Hex       ######..     1%          3    None
f - Cause Fear            Hex            ######....   1%          4    None
g - Deflect Missiles      Chrm/Air       ######....   12%         6    #####..
h - Discord               Hex            ######....   99%         8    #######
i - Passwall              Trmt/Erth      ###.......   14%         3    None
j - Passage of Golubria   Tloc           N/A          41%         4    None
k - Lee's Rapid Deconstr  Erth           ###.......   97%         5    ###....


Dungeon Overview and Level Annotations

Branches:
Dungeon (1/1)

Altars:
Cheibriados
Dithmenos
Elyvilon
Fedhas
Gozag
Kikubaaqudgha
Makhleb
Nemelex Xobeh
Okawaru
Qazlal
Ru
Sif Muna
Trog
Vehumet
Xom
Yredelemnul
Zin
The Shining One
Jiyva
Lugonu

Shops:
D (:%}[!!


Innate Abilities, Weirdness & Mutations

You are tiny and cannot use many weapons and most armour.
You have supernaturally acute eyesight.
You are a herbivore.
You cover ground extremely quickly.
You need consume almost no food.


Message History

The blizzard demon is engulfed in freezing vapours.
You hit the blizzard demon.
The blizzard demon convulses.
The blizzard demon is lightly wounded.
Your shadow hits the blizzard demon but does no damage.
You are engulfed in freezing vapours.
Unknown command.
Read which item? (? for menu, Esc to quit)
Blink to where?
Press: ? - help, Dir - move target cursor You are very lightly contaminated with residual magic.
As you read the scroll of blinking, it crumbles to dust.
The blizzard demon is engulfed in freezing vapours.
You close the door.
The blizzard demon is engulfed in freezing vapours.
A blizzard demon opens the door.
The blizzard demon is engulfed in freezing vapours.
The blizzard demon gestures at you. The bolt of cold hits you!
Ouch! That really hurt!
You die...

▓▓▓ ▓▓▓ ######.# ##.######### ###
_.#__#.#####.#..@.#...# ...e
..#÷_#.........##.#...##≈≈≈2#
###+##.........##.#§..§≈≈....
.....#.........##.#...##≈≈≈≈#
.....#..###.##∩.#.2§.§# .e.+
####'#[## #..########## ###
_#...#'##########################
_#...#....#.#.#.....#......+...≈≈
_#...##.#..#.##.###.#......#...≈≈


You could see a blizzard demon.

Vanquished Creatures
  Rupert (D)
  A kraken (D)
  Gastronok (D)
  A greater naga (D)
  Maud (D)
  2 dire elephants (D)
  A deep elf annihilator (D)
  Erolcha (D)
  A naga warrior (D)
  2 hydras (D)
  An alligator snapping turtle (D)
  4 death yaks (D)
  8 anacondas (D)
  2 orc high priests (D)
  2 deep elf knights (D)
  A deep elf summoner (D)
  A spriggan druid (D)
  A death drake (D)
  A lindwurm (D)
  An orc knight (D)
  A deep elf conjurer (D)
  An orc sorcerer (D)
  A guardian serpent (D)
  2 spiny frogs (D)
  2 elephants (D)
  4 black mambas (D)
  A komodo dragon (D)
  A fire drake (D)
  2 deep elf priests (D)
  5 snapping turtles (D)
  3 wandering mushrooms (D)
  A queen bee (D)
  8 blink frogs (D)
  2 trapdoor spiders (D)
  A shadow (D)
  4 redbacks (D)
  2 spriggans (D)
  A spatial vortex (D)
  2 hill giants (D)
  2 water moccasins (D)
  A swamp drake (D)
  A necrophage (D)
  2 brain worms (D)
  3 two-headed ogres (D)
  A water elemental (D)
  32 killer bees (D)
  A wizard (D)
  A jelly (D)
  Crazy Yiuf (D)
  An orc priest (D)
  3 orc wizards (D)
  Jessica (D)
  A necromancer (D)
  A kobold demonologist (D)
  3 humans (D)
  4 adders (D)
  An ooze (D)
  A giant gecko (D)
  5 orcs (D)
  A hobgoblin (D)
  A rat (D)
146 creatures vanquished.

Vanquished Creatures (collateral kills)
  A naga (D)
  An orc warrior (D)
  An orc priest (D)
  An orc (D)
4 creatures vanquished.

Vanquished Creatures (others)
  2 draconian scorchers (D)
  3 dancing weapons (D)
  3 yaktaurs (D)
  A naga (D)
  An electric eel (D)
  A plant (D)
  12 tentacles (D)
  51 tentacle segments (D)
74 creatures vanquished.

Grand Total: 224 creatures vanquished

Notes
Turn   | Place    | Note
--------------------------------------------------------------
     0 | D        | Kidiri the Spriggan Enchanter began the quest for the Orb.
     0 | D        | Reached XP level 1. HP: 9/9 MP: 5/5
    12 | D        | Reached skill level 5 in Stealth
    45 | D        | Noticed Jessica
    57 | D        | Killed Jessica
    57 | D        | Reached skill level 5 in Dodging
    57 | D        | Reached skill level 6 in Stealth
    57 | D        | Reached XP level 2. HP: 5/13 MP: 5/8
    57 | D        | Reached XP level 3. HP: 6/16 MP: 5/9
    95 | D        | Learned a level 2 spell: Ensorcelled Hibernation
    99 | D        | Learned a level 3 spell: Confuse
   103 | D        | Learned a level 3 spell: Dazzling Spray
   275 | D        | Noticed Crazy Yiuf
   284 | D        | Killed Crazy Yiuf
   284 | D        | Reached skill level 7 in Stealth
   291 | D        | Killed a yaktaur
   323 | D        | Killed a white draconian scorcher
   328 | D        | Reached skill level 5 in Spellcasting
   328 | D        | Reached XP level 4. HP: 21/21 MP: 9/12
   335 | D        | Killed a white draconian scorcher
   339 | D        | Learned a level 3 spell: Tukima's Dance
   375 | D        | Gained mutation: You can spit weak poison. [potion of mutation]
   375 | D        | Gained mutation: Your body sometimes deteriorates upon taking damage. [potion of mutation]
   375 | D        | Gained mutation: You are partially covered in large bone plates (AC +2, SH +2). [potion of mutation]
   376 | D        | Lost mutation: You are partially covered in large bone plates (AC +2, SH +2). [potion of mutation]
   376 | D        | Gained mutation: You are frail (-10% HP). [potion of mutation]
   376 | D        | Gained mutation: You evolve. [potion of mutation]
   417 | D        | Noticed a water elemental
   420 | D        | Killed a water elemental
   420 | D        | Reached skill level 8 in Stealth
   420 | D        | Reached skill level 1 in Conjurations
   420 | D        | Reached skill level 5 in Hexes
   420 | D        | Reached skill level 1 in Ice Magic
   420 | D        | Reached XP level 5. HP: 21/21 MP: 14/14
   429 | D        | Noticed a jelly
   430 | D        | Noticed a shadow
   432 | D        | Killed a shadow
   432 | D        | Reached skill level 10 in Stealth
   432 | D        | Reached XP level 6. HP: 25/25 MP: 15/17
   448 | D        | Killed a jelly
   698 | D        | Found a stormy altar of Qazlal.
   699 | D        | Noticed a spatial vortex
   699 | D        | Found a sacrificial altar of Ru.
   699 | D        | Found a burning altar of Makhleb.
   699 | D        | Found a viscous altar of Jiyva.
   699 | D        | Found a shimmering altar of Xom.
   699 | D        | Found a shadowy altar of Dithmenos.
   699 | D        | Found a sparkling altar of Nemelex Xobeh.
   699 | D        | Found a corrupted altar of Lugonu.
   699 | D        | Found an opulent altar of Gozag.
   703 | D        | Became a worshipper of Dithmenos the Shadowed
   704 | D        | Killed a spatial vortex
   704 | D        | Reached skill level 1 in Invocations
   728 | D        | Found a radiant altar of Vehumet.
   728 | D        | Noticed a wizard
   730 | D        | Found a deep blue altar of Sif Muna.
   730 | D        | Found an ancient bone altar of Kikubaaqudgha.
   741 | D        | Noticed a red devil
   748 | D        | Killed a wizard
   748 | D        | Reached skill level 11 in Stealth
   762 | D        | Killed a yaktaur
   763 | D        | Learned a level 4 spell: Cause Fear
   923 | D        | Found a glowing silver altar of Zin.
   924 | D        | Found a glowing golden altar of the Shining One.
   924 | D        | Found a white marble altar of Elyvilon.
   924 | D        | Noticed a deep elf priest
   926 | D        | Killed a deep elf priest
   926 | D        | Reached * piety under Dithmenos
   926 | D        | Reached skill level 10 in Dodging
   926 | D        | Reached XP level 7. HP: 28/28 MP: 20/20
  1073 | D        | Learned a level 6 spell: Deflect Missiles
  1164 | D        | Found an iron altar of Okawaru.
  1165 | D        | Found a bloodstained altar of Trog.
  1165 | D        | Noticed a human
  1165 | D        | Noticed a human
  1167 | D        | Killed a human
  1167 | D        | Reached skill level 12 in Stealth
  1167 | D        | Reached skill level 1 in Charms
  1168 | D        | Killed a human
  1168 | D        | Reached skill level 1 in Air Magic
  1168 | D        | Reached XP level 8. HP: 32/32 MP: 22/22
  1184 | D        | Found a snail-covered altar of Cheibriados.
  1184 | D        | Noticed a necrophage
  1185 | D        | Found a basalt altar of Yredelemnul.
  1185 | D        | Found a blossoming altar of Fedhas.
  1185 | D        | Noticed a necromancer
  1186 | D        | Killed a necrophage
  1186 | D        | Reached ** piety under Dithmenos
  1187 | D        | Killed a necromancer
  1264 | D        | Noticed a two-headed ogre
  1264 | D        | Noticed a two-headed ogre
  1267 | D        | Noticed a two-headed ogre
  1268 | D        | Killed a two-headed ogre
  1274 | D        | Killed a two-headed ogre
  1277 | D        | Killed a two-headed ogre
  1277 | D        | Reached *** piety under Dithmenos
  1324 | D        | Gained mutation: Armour fits poorly on your strangely shaped body. [evolution]
  1324 | D        | Lost mutation: You evolve. [end of evolution]
  1345 | D        | Lost mutation: You are frail (-10% HP). [potion of cure mutation]
  1345 | D        | Lost mutation: Armour fits poorly on your strangely shaped body. [potion of cure mutation]
  1345 | D        | Lost mutation: Your body sometimes deteriorates upon taking damage. [potion of cure mutation]
  1345 | D        | Lost mutation: You can spit weak poison. [potion of cure mutation]
  1351 | D        | Noticed a hill giant
  1354 | D        | Killed a hill giant
  1382 | D        | Noticed a hill giant
  1382 | D        | Noticed Erolcha
  1386 | D        | Killed a hill giant
  1386 | D        | Reached skill level 13 in Stealth
  1386 | D        | Reached skill level 10 in Spellcasting
  1489 | D        | Killed Erolcha
  1489 | D        | Reached XP level 9. HP: 39/39 MP: 10/24
  1600 | D        | Noticed a redback
  1602 | D        | Killed a redback
  1602 | D        | Reached skill level 14 in Stealth
  1602 | D        | Reached skill level 5 in Charms
  1609 | D        | Noticed a trapdoor spider
  1613 | D        | Killed a trapdoor spider
  1613 | D        | Reached **** piety under Dithmenos
  1613 | D        | Reached skill level 10 in Short Blades
  1820 | D        | Noticed a trapdoor spider
  1823 | D        | Killed a trapdoor spider
  1918 | D        | Learned a level 8 spell: Discord
  1919 | D        | Noticed a killer bee
  1919 | D        | Noticed a killer bee
  1919 | D        | Noticed a killer bee
  1919 | D        | Noticed a killer bee
  1919 | D        | Noticed a killer bee
  1919 | D        | Noticed a killer bee
  1919 | D        | Noticed a killer bee
  1919 | D        | Noticed a killer bee
  1919 | D        | Noticed a killer bee
  1919 | D        | Noticed a killer bee
  1919 | D        | Noticed a killer bee
  1919 | D        | Noticed a killer bee
  1919 | D        | Noticed a killer bee
  1919 | D        | Noticed a killer bee
  1919 | D        | Noticed a killer bee
  1921 | D        | Noticed a killer bee
  1921 | D        | Noticed a killer bee
  1921 | D        | Noticed a killer bee
  1921 | D        | Killed a killer bee
  1922 | D        | Noticed a killer bee
  1923 | D        | Noticed a queen bee
  1923 | D        | Noticed a killer bee
  1923 | D        | Noticed a killer bee
  1924 | D        | Noticed a killer bee
  1924 | D        | Noticed a killer bee
  1924 | D        | Noticed a killer bee
  1924 | D        | Noticed a killer bee
  1924 | D        | Killed a killer bee
  1926 | D        | Noticed a killer bee
  1926 | D        | Killed a killer bee
  1928 | D        | Noticed a killer bee
  1928 | D        | Noticed a killer bee
  1928 | D        | Killed a killer bee
  1928 | D        | Reached skill level 5 in Ice Magic
  1930 | D        | Noticed a killer bee
  1930 | D        | Killed a killer bee
  1930 | D        | Reached ***** piety under Dithmenos
  1932 | D        | Killed a killer bee
  1934 | D        | Killed a killer bee
  1935 | D        | Noticed a killer bee
  1936 | D        | Killed a killer bee
  1938 | D        | Noticed a killer bee
  1938 | D        | Killed a killer bee
  1941 | D        | Killed a killer bee
  1943 | D        | Noticed a killer bee
  1943 | D        | Killed a killer bee
  1945 | D        | Killed a killer bee
  2100 | D        | Killed a killer bee
  2102 | D        | Killed a killer bee
  2104 | D        | Killed a killer bee
  2108 | D        | Killed a killer bee
  2110 | D        | Killed a killer bee
  2112 | D        | Killed a killer bee
  2123 | D        | Killed a killer bee
  2123 | D        | Reached ****** piety under Dithmenos
  2125 | D        | Killed a killer bee
  2128 | D        | Killed a killer bee
  2268 | D        | Killed a killer bee
  2278 | D        | Killed a killer bee
  2278 | D        | Reached skill level 15 in Stealth
  2280 | D        | Killed a killer bee
  2280 | D        | Reached XP level 10. HP: 36/44 MP: 13/26
  2280 | D        | Killed a killer bee
  2281 | D        | Killed a killer bee
  2282 | D        | Killed a killer bee
  2284 | D        | Killed a killer bee
  2284 | D        | Killed a killer bee
  2414 | D        | Killed a killer bee
  2420 | D        | Killed a killer bee
  2455 | D        | Killed a queen bee
  2457 | D        | Killed a killer bee
  2505 | D        | Killed an electric eel
  2542 | D        | Noticed a wandering mushroom
  2543 | D        | Noticed a wandering mushroom
  2543 | D        | Noticed a wandering mushroom
  2545 | D        | Killed a wandering mushroom
  2547 | D        | Killed a wandering mushroom
  2547 | D        | Reached skill level 5 in Conjurations
  2548 | D        | Killed a wandering mushroom
  2591 | D        | Noticed a spiny frog
  2591 | D        | Noticed a komodo dragon
  2591 | D        | Noticed a spiny frog
  2639 | D        | Killed a yaktaur
  2775 | D        | Killed a spiny frog
  2777 | D        | Killed a spiny frog
  2783 | D        | Killed a komodo dragon
  2783 | D        | Reached skill level 16 in Stealth
  2829 | D        | Noticed a redback
  2831 | D        | Killed a redback
  2832 | D        | Noticed a brain worm
  2835 | D        | Killed a brain worm
  2838 | D        | Noticed a brain worm
  2840 | D        | Killed a brain worm
  2844 | D        | Noticed a lindwurm
  2846 | D        | Noticed a redback
  2847 | D        | Killed a lindwurm
  2847 | D        | Reached skill level 5 in Air Magic
  2849 | D        | Killed a redback
  2853 | D        | Noticed a redback
  2854 | D        | Killed a redback
  2855 | D        | Noticed Maud
  3068 | D        | Killed Maud
  3068 | D        | Reached skill level 15 in Dodging
  3068 | D        | Reached skill level 10 in Hexes
  3068 | D        | Reached XP level 11. HP: 47/47 MP: 7/29
  3192 | D        | Noticed a six-headed hydra
  3192 | D        | Noticed a five-headed hydra
  3194 | D        | Killed a six-headed hydra
  3195 | D        | Killed a five-headed hydra
  3195 | D        | Reached skill level 17 in Stealth
  3205 | D        | Noticed a death drake
  3208 | D        | Killed a death drake
  3218 | D        | Found a blossoming altar of Fedhas.
  3218 | D        | Noticed a spriggan
  3218 | D        | Noticed a spriggan druid
  3218 | D        | Noticed a spriggan
  3220 | D        | Killed a spriggan druid
  3221 | D        | Killed a spriggan
  3222 | D        | Killed a spriggan
  3247 | D        | Noticed a water moccasin
  3247 | D        | Noticed an anaconda
  3247 | D        | Noticed an anaconda
  3248 | D        | Noticed a black mamba
  3249 | D        | Killed an anaconda
  3250 | D        | Killed an anaconda
  3251 | D        | Killed a water moccasin
  3255 | D        | Killed a black mamba
  3278 | D        | Noticed an anaconda
  3278 | D        | Noticed an anaconda
  3278 | D        | Noticed a black mamba
  3278 | D        | Noticed an anaconda
  3280 | D        | Killed an anaconda
  3281 | D        | Killed a black mamba
  3281 | D        | Reached skill level 18 in Stealth
  3281 | D        | Reached skill level 10 in Charms
  3283 | D        | Killed an anaconda
  3284 | D        | Killed an anaconda
  3315 | D        | Noticed an anaconda
  3315 | D        | Noticed a water moccasin
  3315 | D        | Noticed an anaconda
  3316 | D        | Noticed an anaconda
  3317 | D        | Killed an anaconda
  3320 | D        | Killed a water moccasin
  3329 | D        | Killed an anaconda
  3329 | D        | Reached XP level 12. HP: 51/51 MP: 26/31
  3330 | D        | Killed an anaconda
  3359 | D        | Noticed a naga
  3359 | D        | Noticed a naga
  3360 | D        | Noticed a naga warrior
  3360 | D        | Noticed a greater naga
  3360 | D        | Found Haut's Gadget Shop.
  3360 | D        | Found Taeteh's Antique Armour Shoppe.
  3365 | D        | Killed a naga
  3371 | D        | Killed a naga
  3660 | D        | Killed a naga warrior
  3660 | D        | Reached skill level 15 in Spellcasting
  3744 | D        | Killed a greater naga
  3744 | D        | Reached skill level 19 in Stealth
  3751 | D        | Found Gippox's Distillery.
  3771 | D        | Noticed a guardian serpent
  3773 | D        | Killed a guardian serpent
  3777 | D        | Got a serpentine rune of Zot
  3926 | D        | Noticed a swamp drake
  3926 | D        | Noticed a fire drake
  3927 | D        | Killed a fire drake
  3929 | D        | Killed a swamp drake
  3935 | D        | Noticed a blink frog
  3935 | D        | Noticed a blink frog
  3936 | D        | Noticed a blink frog
  3936 | D        | Noticed a blink frog
  3937 | D        | Killed a blink frog
  3941 | D        | Killed a blink frog
  3942 | D        | Noticed a blink frog
  3954 | D        | Killed a blink frog
  3955 | D        | Killed a blink frog
  3962 | D        | Killed a blink frog
  4010 | D        | Noticed Rupert
  4012 | D        | Killed Rupert
  4033 | D        | Noticed a death yak
  4034 | D        | Noticed a death yak
  4034 | D        | Noticed a blink frog
  4035 | D        | Noticed an azure jelly
  4035 | D        | Noticed a death yak
  4035 | D        | Noticed an azure jelly
  4035 | D        | Noticed a blink frog
  4035 | D        | Noticed a death yak
  4036 | D        | Killed a death yak
  4037 | D        | Killed a death yak
  4038 | D        | Killed a blink frog
  4039 | D        | Noticed a blink frog
  4039 | D        | Noticed a black mamba
  4040 | D        | Killed a death yak
  4040 | D        | Reached skill level 20 in Stealth
  4041 | D        | Noticed a black mamba
  4042 | D        | Killed a blink frog
  4043 | D        | Killed a blink frog
  4044 | D        | Killed a death yak
  4047 | D        | Killed a black mamba
  4049 | D        | Killed a black mamba
  4089 | D        | Noticed a snapping turtle
  4091 | D        | Noticed a kraken
  4092 | D        | Killed a snapping turtle
  4166 | D        | Noticed a snapping turtle
  4177 | D        | Killed a snapping turtle
  4222 | D        | Killed a kraken
  4222 | D        | Reached skill level 15 in Short Blades
  4222 | D        | Reached XP level 13. HP: 55/55 MP: 31/34
  4243 | D        | Noticed a snapping turtle
  4243 | D        | Noticed a snapping turtle
  4244 | D        | Found Epa Pewk's Food Shop.
  4244 | D        | Found Cuebrer's Book Boutique.
  4244 | D        | Found Haramyer's Antique Weapon Shoppe.
  4244 | D        | Noticed a snapping turtle
  4244 | D        | Noticed an alligator snapping turtle
  4246 | D        | Killed an alligator snapping turtle
  4248 | D        | Killed a snapping turtle
  4250 | D        | Killed a snapping turtle
  4253 | D        | Killed a snapping turtle
  4260 | D        | Got a barnacled rune of Zot
  4308 | D        | Noticed an azure jelly
  4308 | D        | Noticed an azure jelly
  4309 | D        | Noticed an elephant
  4309 | D        | Noticed an elephant
  4309 | D        | Noticed a dire elephant
  4309 | D        | Noticed a dire elephant
  4309 | D        | Noticed Gastronok
  4311 | D        | Killed Gastronok
  4312 | D        | Killed a dire elephant
  4314 | D        | Killed a dire elephant
  4314 | D        | Reached skill level 21 in Stealth
  4318 | D        | Killed an elephant
  4320 | D        | Killed an elephant
  4510 | D        | Noticed an orc knight
  4510 | D        | Noticed an orc sorcerer
  4510 | D        | Noticed an orc wizard
  4511 | D        | Noticed an orc warrior
  4511 | D        | Noticed an orc high priest
  4511 | D        | Noticed an orc priest
  4511 | D        | Noticed an orc wizard
  4511 | D        | Noticed an orc wizard
  4511 | D        | Noticed an orc high priest
  4511 | D        | Noticed an orc priest
  4511 | D        | Found Hathuam's Distillery.
  4512 | D        | Killed an orc sorcerer
  4513 | D        | Killed an orc wizard
  4516 | D        | Killed an orc knight
  4604 | D        | Killed an orc priest
  4612 | D        | Killed an orc wizard
  4617 | D        | Killed an orc high priest
  4621 | D        | Killed an orc high priest
  4622 | D        | Killed an orc wizard
  4644 | D        | Killed an orc warrior
  4645 | D        | Killed an orc priest
  4787 | D        | Noticed a deep elf conjurer
  4787 | D        | Noticed a deep elf priest
  4787 | D        | Noticed a deep elf knight
  4787 | D        | Noticed a deep elf summoner
  4787 | D        | Noticed a deep elf knight
  4793 | D        | Noticed a deep elf demonologist
  4795 | D        | Killed a deep elf summoner
  4796 | D        | Killed a deep elf knight
  4798 | D        | Killed a deep elf knight
  4800 | D        | Killed a deep elf priest
  4801 | D        | Killed a deep elf conjurer
  4802 | D        | Noticed a deep elf annihilator
  4807 | D        | Noticed a deep elf annihilator
  4811 | D        | Noticed a deep elf demonologist
  4972 | D        | Bought a book of Burglary for 825 gold pieces
  5097 | D        | Learned a level 3 spell: Passwall
  5102 | D        | Learned a level 4 spell: Passage of Golubria
  5108 | D        | Learned a level 5 spell: Lee's Rapid Deconstruction
  5152 | D        | Noticed a deep elf death mage
  5163 | D        | Killed a deep elf annihilator
  5163 | D        | Reached skill level 1 in Transmutations
  5259 | D        | Killed from afar by a blizzard demon

Vault maps used:
D:        dungeon_sprint_mu

Action                   |  1- 3 |  4- 6 |  7- 9 | 10-12 | 13-15 || total
-------------------------+-------+-------+-------+-------+-------++-------
Melee: Dagger            |    14 |    16 |    59 |    77 |    30 ||   196
       Short sword       |       |       |       |       |     6 ||     6
 Cast: Corona            |     1 |       |       |       |     1 ||     2
       Ensorcelled Hiber |     3 |     4 |    44 |    23 |    12 ||    86
       Dazzling Spray    |       |     3 |     4 |    13 |    12 ||    32
       Tukima's Dance    |       |     1 |       |    10 |     1 ||    12
       Confuse           |       |       |     4 |     2 |     2 ||     8
Invok: Shadow Step       |       |       |     1 |    13 |     3 ||    17
  Use: Potion            |       |     4 |     2 |       |     1 ||     7
       Scroll            |       |     1 |       |       |     1 ||     2
 Stab: Sleeping          |     3 |     5 |    34 |    57 |    22 ||   121
       Invisible         |       |       |     2 |     2 |     2 ||     6
       Confused          |       |       |       |     3 |     1 ||     4
  Eat: Bread ration      |       |       |       |     1 |       ||     1
